AoeStats
← tobinho_125

QS Arena

503672793Analyzed
4v4 RM · 1mo ago on Sep 1, 2026· 59m 19s· 8 players
Game mode
Random Map
Map size
Large (8 player)
Population
200
Speed
Normal
Resources
Standard
Victory
Conquest
Starting age
Dark Age
Ending age
Imperial Age
RankedLock teamsTeams togetherTeam positionsShared explorationLock speedFull tech treeHidden civsTurbo modeCheats
Victory
Defeat
🇨🇦 Hindustanis · Canada
871
+14
🇩🇪 Mongols · Germany
869
+14
🇮🇳 Bohemians · India
861
+14
🇩🇪 Wu · Germany
856
+15
🇹🇷 Persians · Türkiye
867
-16
🇹🇷 Turks · Türkiye
828
-14
🇹🇷 Byzantines · Türkiye
823
-14
🇹🇷 Khmer · Türkiye
784
-12
tobinho_125
5:11 Loom
8:49 Feudal Age
11:20 Loom
14:10 Castle Age
12:34 Double-Bit Axe
13:50 Padded Archer Armor
13:34 Horse Collar
18:43 Wheelbarrow
19:46 Leather Archer Armor
19:21 Fletching
20:32 Bow Saw
25:51 Gold Mining
28:21 Hand Cart
27:51 Town Watch
33:23 Imperial Age
34:04 Ballistics
33:46 Bodkin Arrow
33:53 Onager
35:06 Drill
34:31 Light Cavalry
35:21 Bloodlines
38:39 Gold Shaft Mining
37:56 Stone Mining
40:09 Bracer
40:58 Caravan
41:34 Siege Engineers
42:32 Chemistry
41:48 Crossbowman
41:55 Capped Ram
43:06 Heavy Cavalry Archer
44:12 Parthian Tactics
43:18 Siege Ram
49:18 Hussar
51:01 Siege Onager
54:44 Stone Shaft Mining
58:59 Scale Mail Armor
59:09 Forging
59:05 Scale Barding Armor
Cramgee
11:03 Feudal Age
17:35 Castle Age
17:24 Double-Bit Axe
17:24 Horse Collar
18:09 Stone Mining
18:15 Gold Mining
19:15 Arson
20:29 Bow Saw
20:30 Heavy Plow
22:27 Squires
26:59 Scale Mail Armor
27:09 Forging
29:08 Murder Holes
29:24 Masonry
33:44 Chain Mail Armor
34:04 Iron Casting
39:00 Imperial Age
41:24 Plate Mail Armor
42:03 Blast Furnace
42:21 Wheelbarrow
41:32 Loom
41:34 Town Watch
48:29 Conscription
Marshall
9:37 Feudal Age
10:12 Double-Bit Axe
10:20 Horse Collar
14:42 Gold Mining
14:52 Stone Mining
19:16 Castle Age
18:22 Bloodlines
20:20 Heavy Plow
20:40 Bow Saw
20:13 Pikeman
21:00 Fletching
21:55 Padded Archer Armor
21:51 Bodkin Arrow
23:40 Gold Shaft Mining
25:09 Leather Archer Armor
29:30 Imperial Age
27:47 Husbandry
27:56 Grand Trunk Road
28:58 Scale Mail Armor
30:35 Bracer
31:05 Ring Archer Armor
32:03 Two-Man Saw
31:52 Ballistics
32:34 Chemistry
31:58 Ballistics
33:55 Elite Ghulam
35:08 Chain Mail Armor
41:10 Forging
40:28 Heavy Camel Rider
46:59 Siege Engineers
46:46 Town Watch
50:52 Conscription
50:37 Shatagni
53:09 Murder Holes
53:24 Fortified Wall
53:25 Masonry
53:54 Iron Casting
54:10 Wheelbarrow
53:36 Town Patrol
Ilaiya1082000
6:29 Loom
8:32 Feudal Age
12:56 Castle Age
12:07 Double-Bit Axe
16:06 Bow Saw
26:58 Horse Collar
37:09 Imperial Age
35:45 Chemistry
35:06 Ballistics
35:23 Husbandry
37:12 Heavy Plow
37:45 Forging
37:41 Scale Barding Armor
39:21 Two-Man Saw
38:52 Conscription
39:34 Iron Casting
38:53 Cavalier
41:48 Chain Barding Armor
42:28 Blast Furnace
42:44 Blast Furnace
49:14 Pikeman
50:13 Houfnice
54:49 Light Cavalry
56:21 Siege Engineers
56:39 Ballistics
Hebele
8:27 Feudal Age
9:49 Double-Bit Axe
13:20 Castle Age
11:29 Gold Mining
13:03 Horse Collar
20:43 Imperial Age
33:45 Fletching
34:55 Bodkin Arrow
35:00 Town Watch
41:09 Husbandry
42:36 Bloodlines
45:01 Scale Barding Armor
xemre89
4:02 Loom
8:46 Feudal Age
14:26 Castle Age
13:35 Horse Collar
13:43 Double-Bit Axe
13:59 Gold Mining
16:32 Stone Mining
17:19 Gold Shaft Mining
17:11 Bow Saw
18:07 Wheelbarrow
18:49 Heavy Plow
24:26 Fletching
24:37 Padded Archer Armor
25:25 Elite Skirmisher
25:35 Pikeman
26:00 Arson
30:45 Stone Shaft Mining
30:48 Gold Shaft Mining
30:45 Tusk Swords
31:44 Bodkin Arrow
38:55 Stone Shaft Mining
40:23 Leather Archer Armor
40:32 Ballistics
43:50 Imperial Age
41:53 Hand Cart
44:07 Heavy Scorpion
44:52 Bracer
45:22 Ring Archer Armor
45:54 Chemistry
45:00 Siege Engineers
45:03 Double Crossbow
45:27 Conscription
47:06 Elite Ballista Elephant
TheMentoR
6:50 Loom
9:05 Feudal Age
10:02 Double-Bit Axe
9:59 Horse Collar
15:58 Castle Age
14:25 Gold Mining
16:38 Bow Saw
16:31 Heavy Plow
17:26 Gold Shaft Mining
16:43 Stone Mining
20:47 Wheelbarrow
19:58 Town Watch
22:07 Pikeman
22:51 Squires
23:39 Forging
23:31 Scale Mail Armor
26:13 Hand Cart
26:33 Chain Mail Armor
30:46 Imperial Age
30:47 Iron Casting
33:06 Two-Man Saw
34:28 Bloodlines
34:18 Husbandry
35:36 Light Cavalry
36:26 Scale Barding Armor
36:53 Plate Mail Armor
37:03 Crop Rotation
37:55 Cavalier
41:11 Blast Furnace
42:37 Chain Barding Armor
42:58 Savar
47:12 Gold Shaft Mining
50:07 Man-at-Arms
50:36 Gambesons
50:52 Long Swordsman
Burak_el_Lion
1:07 Loom
12:47 Feudal Age
13:03 Loom
13:58 Horse Collar
14:25 Loom
16:33 Double-Bit Axe
16:42 Stone Mining
16:43 Gold Mining
23:18 Castle Age
24:50 Heavy Plow
24:54 Pikeman
25:57 Squires
26:26 Scale Mail Armor
28:39 Arson
28:18 Elite Skirmisher
31:43 Man-at-Arms
32:08 Gambesons
33:08 Long Swordsman
37:43 Forging
37:49 Chain Mail Armor
42:21 Imperial Age
42:37 Two-Handed Swordsman
44:07 Conscription
44:51 Hoardings
44:29 Champion
47:33 Gold Shaft Mining
47:54 Plate Mail Armor
48:00 Iron Casting
51:15 Logistica
53:27 Scale Barding Armor
53:05 Elite Cataphract
Connection lost

Rejoining the realm…

Still unreachable

The connection could not be restored.

Session expired

The server has moved on; the page needs a fresh start.